 Dungeon Crawl Stone Soup version 0.28-a0-561-gc72452776e (webtiles) character file.

Game seed: 15178425299707629878

259 Conn the Firebug (level 6, -3/38 HPs)
             Began as an Octopode Fire Elementalist on Sept 29, 2021.
             Killed by nerve-wracking pain
             ... invoked by Menkaure
              (11 damage)
             ... on level 4 of the Dungeon.
             The game lasted 00:07:36 (3720 turns).

Conn the Firebug (Octopode Fire Elementalist)       Turns: 3720, Time: 00:07:36

Health: -3/38      AC:  1    Str:  7    XL:     6   Next: 17%
Magic:  10/10      EV: 13    Int: 20    God:
Gold:   163        SH:  0    Dex: 12    Spells: 10/11 levels left

rFire   + . .      SeeInvis .   a - +0 short sword (distort)
rCold   . . .      Faith    .   (no shield)
rNeg    . . .      Spirit   .   (helmet restricted)
rPois   .          Reflect  .   (no amulet)
rElec   .          Harm     .   (no ring)
rCorr   .          Rampage  .   (no ring)
Will    .....                   (no ring)
Stlth   +++.......              (no ring)
HPRegen 1.12/turn               (no ring)
MPRegen 0.12/turn               (no ring)
                                (no ring)
                                (no ring)

@: unable to read
A: almost no armour, amphibious, 8 rings, camouflage 1, gelatinous body 1,
(nimble swimmer 1), tentacles, fire resistance 1, regeneration 1, inability to
read while threatened
a: no special abilities


You were on level 4 of the Dungeon.
You visited 1 branch of the dungeon, and saw 4 of its levels.

You collected 163 gold pieces.

Inventory:

Hand Weapons
 a - a +0 short sword of distortion (weapon)
 b - a +0 dagger
 g - a +2 whip of venom
Missiles
 j - 3 silver javelins (quivered)
Scrolls
 f - a scroll of teleportation
 h - 2 scrolls of identify {unknown}
 i - 4 scrolls of noise {unknown}
 k - a scroll of magic mapping {unknown}
 m - a scroll of immolation {unknown}
Potions
 c - a potion of berserk rage {unknown}
 d - a potion of degeneration {unknown}
 e - a potion of magic
 l - a potion of might {unknown}
 n - 2 potions of ambrosia {unknown}


   Skills:
 + Level 1.1 Fighting
 + Level 0.2 Short Blades
 + Level 0.5 Maces & Flails
 + Level 2.3 Dodging
 + Level 4.1 Stealth
 + Level 3.1 Spellcasting
 + Level 2.5 Conjurations
 + Level 4.5 Fire Magic


You had 10 spell levels left.
You knew the following spells:

 Your Spells              Type           Power      Damage    Failure   Level
a - Foxfire               Conj/Fire      68%        2x1d7     3%          1

Your spell library contained the following spells:

 Spells                   Type           Power      Damage    Failure   Level
 Scorch                   Fire           42%        2d7       3%          2
 Conjure Flame            Conj/Fire      17%        6-21      10%         3
 Inner Flame              Hex/Fire       12%        N/A       17%         3
 Ensorcelled Hibernation  Hex/Ice        6%         N/A       22%         2
 Passwall                 Tmut/Erth      2%         N/A       22%         2
 Flame Wave               Conj/Fire      17%        3d5       32%         4
 Ozocubu's Armour         Ice            3%         N/A       38%         3
 Spider Form              Tmut/Pois      1%         N/A       38%         3
 Swiftness                Air            3%         N/A       38%         3
 Tukima's Dance           Hex            3%         N/A       38%         3
 Silence                  Hex/Air        1%         N/A       98%         5
 Summon Forest            Summ/Tloc      1%         N/A       98%         5
 Invisibility             Hex            1%         N/A       100%        6
 Malign Gateway           Summ/Tloc      1%         N/A       100%        7
 Ozocubu's Refrigeration  Ice            1%         4d5       100%        7


Dungeon Overview and Level Annotations

Branches:
Dungeon (4/15)
 Temple: D:4-7

Altars:

Shops:
D:3 :

Annotations:
D:4 Menkaure, Pikel
Abyss:1 Natasha


Innate Abilities, Weirdness & Mutations

You cannot wear most types of armour.
You are amphibious.
You can wear up to eight rings at the same time.
Your skin changes colour to match your surroundings (Stealth+).
Your rubbery body absorbs attacks. (AC +1, EV +1)
((You are camouflaged near water. (Stealth+)))
You have tentacles for arms and can constrict up to eight enemies at once.
Your flesh is heat resistant. (rF+)
Your natural rate of healing is unusually fast.
You sometimes lose the ability to read scrolls when taking damage.


Message History

Your Spellcasting skill increases to level 3!
You have reached level 6!
Your experience leads to an increase in your attributes!
Increase (S)trength, (I)ntelligence, or (D)exterity?
You feel clever.
Unknown command.
You can read scrolls again.
HP restored.
Magic restored.
j - 4 silver javelins (gained 2) Menkaure, Prince of Dust comes into view.
Menkaure casts a spell.
Menkaure seems to speed up.
Casting: Foxfire (safe; 3% risk of failure)
Confirm with . or Enter, or press ? or * to list all spells.
Okay, then.
You aren't carrying any items that you can evoke.
It was a potion of magic.
Magic courses through your body.
Menkaure gestures at you while chanting.
Pain shoots through your body!
Casting: Foxfire (safe; 3% risk of failure)
Confirm with . or Enter, or press ? or * to list all spells.
Okay, then.
Throw: 4 javelins (silver)
Press: ? - help, Q - select action, (/) - cycle Shift-Dir - straight line, f - Menkaure
Aim: Menkaure (fast, 72% to hit)
You throw a silver javelin.
The silver javelin pierces through Menkaure but does no damage.
Menkaure is lightly damaged.
You barely miss Menkaure. Your grab misses Menkaure.
Menkaure is lightly damaged.
Menkaure hits you!!
You feel threatened and lose the ability to read scrolls!
Ouch! That really hurt!
* * * LOW HITPOINT WARNING * * *
Pikel the Slaver comes into view.
He is wielding a +0 whip of freezing and carrying a wand of mindburst (2).
A lemure comes into view.
Menkaure points at you and mumbles some strange words.
Pain shoots through your body!
You die...

#.######..## #(.
...........#
##.#####.######...#
5.....##.# #....
K.... #.# ###....
.... ........ #..
#........ #M#
#.##..... #@# #
##.### #.# #.# #.#
##.### #.# # #..#..
#.# #.##..### #.#
#.....#
#.###########..###
#........# ##....
########.# #.###


You could see Pikel (wandering), a lemure (wandering) and Menkaure (fast).

Vanquished Creatures
  A phantom (D:4)
  An orc priest (D:3)
  8 adders
  A worm (D:2)
  2 dart slugs
  6 orcs
  5 endoplasms
  2 giant cockroaches
  A hobgoblin (D:1)
  6 kobolds
  A quokka (D:1)
  8 ball pythons
  7 bats
  4 rats
53 creatures vanquished.

Vanquished Creatures (others)
  153 foxfires
153 creatures vanquished.

Grand Total: 206 creatures vanquished

Notes
Turn   | Place    | Note
-------+----------+-------------------------------------------
     0 | D:1      | Conn the Octopode Fire Elementalist began the quest for the
                  | Orb.
     0 | D:1      | Reached XP level 1. HP: 11/11 MP: 3/3
   360 | D:1      | Reached XP level 2. HP: 17/17 MP: 5/5
   366 | D:1      | Got the Disquisition on the Enchanting Traveller
  1278 | D:2      | Reached XP level 3. HP: 21/21 MP: 2/6
  1788 | D:2      | Reached XP level 4. HP: 27/27 MP: 4/7
  2494 | D:3      | Gained mutation: You are dopey. (Int -2) [potion of
                  | mutation]
  2494 | D:3      | Gained mutation: You sometimes lose the ability to read
                  | scrolls when taking damage. [potion of mutation]
  2494 | D:3      | Gained mutation: Your natural rate of healing is unusually
                  | fast. [potion of mutation]
  2494 | D:3      | Gained mutation: You are agile. (Dex +2) [potion of
                  | mutation]
  2792 | D:3      | Reached XP level 5. HP: 32/32 MP: 6/9
  2852 | D:3      | Found a faded altar of an unknown god.
  3102 | D:3      | Reached skill level 1 in Fighting
  3306 | D:3      | Found Dadajar's Book Emporium.
  3551 | D:4      | Noticed Natasha
  3559 | D:4      | Banished Natasha
  3598 | D:4      | Lost mutation: You are dopey. (Int -2) [potion of mutation]
  3598 | D:4      | Lost mutation: You are agile. (Dex +2) [potion of mutation]
  3598 | D:4      | Gained mutation: Your flesh is heat resistant. (rF+)
                  | [potion of mutation]
  3598 | D:4      | Gained mutation: You possess an exceptional clarity of
                  | mind. [potion of mutation]
  3598 | D:4      | Lost mutation: You possess an exceptional clarity of mind.
                  | [potion of mutation]
  3629 | D:4      | Noticed a phantom
  3642 | D:4      | Killed a phantom
  3643 | D:4      | Reached XP level 6. HP: 27/38 MP: 4/10
  3714 | D:4      | Noticed Menkaure
  3720 | D:4      | Noticed Pikel
  3720 | D:4      | Killed from afar by Menkaure

Illustrated notes

Levels and vault maps discovered:
D:1:      lemuel_arrival_broad_hall, layout_basic, ebering_dispersal_statue_hall
D:2:      layout_basic, corexii_corridor_pit, minmay_snake_closets
D:3:      layout_basic, serial_shops, shop,
          hellmonk_ecumenical_altar_leap_of_faith, minivault_26
D:4:      minmay_chambers_of_twos, layout_loops_ring,
          mainiacjoe_overflow_boulevard, ashenzari_conservatory_becter,
          chequers_jeans, serial_bayou_crossing, uniq_pikel, uniq_natasha,
          uniq_menkaure

Skill      XL: |  1  2  3  4  5 |
---------------+----------------+-----
Stealth        | 3 4 |  4.1
Conjurations   | 2 |  2.5
Fire Magic     | 4 |  4.5
Fighting       | 1 |  1.1
Spellcasting   | 3 |  3.1
Short Blades   | |  0.2
Maces & Flails | |  0.5
Dodging        | |  2.3

Action                   |  1- 3 |  4- 6 || total
-------------------------+-------+-------++-------
Melee: Constrict         |     7 |     8 ||    15
       Tentacles         |     6 |     6 ||    12
       Dagger            |     2 |       ||     2
       Whip              |    17 |    13 ||    30
       Unarmed           |     1 |       ||     1
       Short sword       |       |    14 ||    14
Throw: Javelin           |       |     3 ||     3
 Cast: Foxfire           |    36 |    51 ||    87
  Use: Potion            |       |     5 ||     5
       Scroll            |       |     1 ||     1
 Stab: Sleeping          |     5 |     2 ||     7
Armor: Skin              |       |     4 ||     4
Dodge: Dodged            |     9 |    22 ||    31

Table legend: (Time is in decaauts)
 A = Elapsed time spent in this place.
 B = Non-inter-level travel time spent in this place.
 C = Inter-level travel time spent in this place.
 D = Time resting spent in this place.
 E = Time spent auto-exploring this place.
 F = Levels seen in this place.
 G = Mean time per level.
                   A        B        C        D        E       F      G
               +--------+--------+--------+--------+--------+-----+--------+
         Total |   3724 |   3562 |    162 |     50 |   2816 |   4 |  931.0 |
       Dungeon |   3724 |   3562 |    162 |     50 |   2816 |   4 |  931.0 |
               +--------+--------+--------+--------+--------+-----+--------+

Top non-repeatable levels by time:
     D:2: 1613 daAuts
     D:3: 1016 daAuts
     D:1: 923 daAuts
     D:4: 171 daAuts
